AoeStats
← | ArCas | Toruk Makto

QS Arena

503739725Analyzed
4v4 RM · 1mo ago on Sep 2, 2026· 14m 51s· 8 players
Game mode
Random Map
Map size
Large (8 player)
Population
200
Speed
Normal
Resources
Standard
Victory
Conquest
Starting age
Dark Age
Ending age
Imperial Age
RankedLock teamsTeams togetherTeam positionsShared explorationLock speedFull tech treeHidden civsTurbo modeCheats
Victory
Defeat
🇦🇷 Lithuanians · Argentina
1419
+13
🇦🇷 Huns · Argentina
1413
+14
🇦🇷 Wu · Argentina
1368
+25
🇦🇷 Mongols · Argentina
1305
+18
🇦🇷 Malay · Argentina
1415
-18
🇺🇸 Hindustanis · United States
1381
-16
🇲🇽 Spanish · Mexico
1349
-15
🇨🇳 Franks · China
1293
-12
MEX_Angel_Tj
7:58 Feudal Age
10:14 Loom
12:56 Castle Age
11:01 Double-Bit Axe
11:18 Horse Collar
12:25 Padded Archer Armor
13:18 Wheelbarrow
15:12 Leather Archer Armor
| ArCas | Toruk Makto
6:19 Loom
9:46 Feudal Age
深秋
9:33 Feudal Age
13:53 Castle Age
14:08 Double-Bit Axe
_WizarD_
2:11 Loom
9:09 Feudal Age
13:25 Castle Age
11:26 Double-Bit Axe
11:53 Horse Collar
.
8:32 Feudal Age
13:02 Castle Age
11:30 Double-Bit Axe
12:29 Horse Collar
14:16 Fletching
ME_DEPRIME_JUGAR_CON_USTEDES
8:56 Feudal Age
13:36 Castle Age
11:57 Double-Bit Axe
11:54 Horse Collar
Nikems
3:00 Loom
5:18 Feudal Age
7:14 Double-Bit Axe
11:16 Fletching
13:35 Horse Collar
Manco de élite
6:59 Feudal Age
7:57 Double-Bit Axe
7:52 Horse Collar
13:12 Wheelbarrow
16:25 Castle Age
Connection lost

Rejoining the realm…

Still unreachable

The connection could not be restored.

Session expired

The server has moved on; the page needs a fresh start.